 Dungeon Crawl Stone Soup version 0.29-a0-542-g075992c915 (webtiles) character file.

Game seed: 1914170615452316410

18 spiderkeys the Ducker (level 2, -2/18 HPs)
             Began as a Deep Elf Abyssal Knight on June 5, 2022.
             Was a Believer of Lugonu.
             Slain by an adder (4 damage)
             ... on level 2 of the Dungeon.
             The game lasted 00:01:01 (1083 turns).

spiderkeys the Ducker (Deep Elf Abyssal Knight)     Turns: 1083, Time: 00:01:02

Health: -2/18      AC:  3    Str: 10    XL:     2   Next: 48%
Magic:  5/5        EV:  9    Int: 14    God:    Lugonu [**....]
Gold:   42         SH:  0    Dex: 15    Spells: 1/1 levels left

rFire   . . .      SeeInvis .   a - +1 falchion
rCold   . . .      Faith    .   (no shield)
rNeg    . . .      Spirit   .   b - +0 leather armour
rPois   .          Reflect  .   (no helmet)
rElec   .          Harm     .   (no cloak)
rCorr   .          Rampage  .   (no gloves)
Will    .....                   (no boots)
Stlth   +.........              (no amulet)
HPRegen 0.06/turn               (no ring)
MPRegen 0.09/turn               (no ring)

@: constricted
A: no striking features
a: Renounce Religion, Depart the Abyss, Bend Space


You were on level 2 of the Dungeon.
You worshipped Lugonu.
Lugonu was pleased with you.
You visited 1 branch of the dungeon, and saw 2 of its levels.
You visited the Abyss 1 time.

You collected 42 gold pieces.


   Skills:
 + Level 2.6 Fighting
 + Level 2.0 Long Blades
 - Level 1.0 Armour
 + Level 2.8 Dodging
 + Level 2.3 Invocations


You had one spell level left.
You didn't know any spells.
Your spell library was empty.

Inventory:

Hand Weapons
 a - a +1 falchion (weapon)
Armour
 b - a +0 leather armour (worn)
 i - a +0 leather armour
   (You found it on level 1 of the Dungeon)
Scrolls
 c - a scroll of enchant armour {unknown}
 e - a scroll of noise {unknown}
 g - a scroll of fear {unknown}
Potions
 d - a potion of attraction {unknown}
 f - a potion of haste {unknown}
 h - a potion of berserk rage {unknown}
 j - a potion of lignification {unknown}
 k - a potion of invisibility {unknown}
 l - a potion of heal wounds {unknown}

Dungeon Overview and Level Annotations

Branches:
Dungeon (2/15)

Altars:

.# ##.# ..>#
#########..#
#.......#..#
#.......#?.#
#...)...#rS#
...^...<#@S#
#.).....#..#
...........#
.########.##
#.# #.# #.#
#.# #.#


You could see an adder, a ball python and a rat.


Message History

😎 HP[+1]
Your hp is fully restored (18).
A rat is nearby!
A ball python comes into view.
The rat barely misses you.
You closely miss the rat. The rat barely misses you.
You closely miss the rat. The rat closely misses you.
The rat bites you. 😕 HP[-1]
You take 1 damage, and now have 17/18 hp.
You hit the rat.
You kill the rat!
Lugonu accepts your kill.
You hit the ball python.
You kill the ball python!
Lugonu accepts your kill.
No target in view!
No target in view!
No target in view!
You see here a rat corpse.
j - a sedimented amethyst potion 😎 HP[+1]
Your hp is fully restored (18).
k - a fuming golden potion No target in view!
No target in view!
No target in view!
Found a faded altar of an unknown god.
You now have 29 gold pieces (gained 5).
A ball python comes into view.
The ball python hisses angrily.
You hear an angry hiss.
A ball python comes into view.
You closely miss the ball python. The ball python barely misses you.
The ball python grabs you. The ball python constricts you.
The ball python bites you but does no damage.
The ball python constricts you. 😕 HP[-2]
You take 2 damage, and now have 16/18 hp.
You hit the ball python.
You kill the ball python!
Lugonu accepts your kill. The ball python misses you.
The ball python grabs you. The ball python constricts you.
The ball python barely misses you. The ball python constricts you.
You slash the ball python!
You kill the ball python!
Lugonu accepts your kill.
No target in view!
No target in view!
No target in view!
No target in view!
l - a viscous pink potion 😎 HP[+2]
Your hp is fully restored (18).
You now have 42 gold pieces (gained 13).
Key pressed, stopping explore.
Key pressed, stopping explore.
Done exploring.
Done exploring.
Done exploring.
You see here a rat corpse.
There is a stone staircase leading down here.
You climb downwards.
There is a stone staircase leading up here.
A rat and a ball python come into view.
Found a scroll labelled KESUDI OVVALAM.
Found a stone staircase leading down.
The ball python hisses angrily.
You hear an angry hiss.
An adder comes into view.
There are monsters nearby!
The rat bites you. 😕 HP[-2]
You take 2 damage, and now have 16/18 hp.
You closely miss the ball python. The rat bites you but does no damage.
You slash the adder! The rat bites you. The adder bites you.
The ball python bites you.
* * * LOW HITPOINT WARNING * * *
The ball python grabs you. The ball python constricts you.
* * * LOW HITPOINT WARNING * * *
😨 HP[-8]
You take 8 damage, and now have 8/18 hp.
MASSIVE DAMAGE!! (PAUSE)
You barely miss the adder. The adder bites you but does no damage.
The rat barely misses you. The ball python barely misses you.
The ball python constricts you.
You hit the adder. The adder barely misses you. The ball python bites you.
* * * LOW HITPOINT WARNING * * *
The ball python constricts you.
* * * LOW HITPOINT WARNING * * *
The rat bites you but does no damage. The adder bites you.
* * * LOW HITPOINT WARNING * * *
😱 HP[-4]
You take 4 damage, and now have 4/18 hp.
MASSIVE DAMAGE!! (PAUSE)
You hit the adder but do no damage. The ball python bites you.
* * * LOW HITPOINT WARNING * * *
The ball python constricts you. The rat closely misses you.
The adder bites you.
You die...

Skill      XL: |  1  2 |
---------------+-------+-----
Armour         | 1 |  1.0
Long Blades    | 2 |  2.0
Fighting       | |  2.6
Dodging        | |  2.8
Invocations    | |  2.3

Action                   || total
-------------------------++-------
Melee: Falchion          ||    44
       Punch             ||     1
 Stab: Sleeping          ||     1
Armor: Leather armour    ||    14
Dodge: Dodged            ||    33

Levels and vault maps discovered:
D:1:      shiori_arrival_maze, layout_basic,
          shapermc_ecumenical_altar_mp_urbaneastern
D:2:      layout_basic, serial_curves, eino_curves_02, eino_curves_04

Notes
Turn   | Place    | Note
-------+----------+-------------------------------------------
     0 | Abyss:1  | spiderkeys the Deep Elf Abyssal Knight began the quest for
                  | the Orb.
     0 | Abyss:1  | Reached XP level 1. HP: 13/13 MP: 4/4
     0 | Abyss:1  | magus.rc [v1.11.3]
    65 | Abyss:3  | Noticed a wretched star
    78 | Abyss:4  | Noticed a smoke demon
    82 | Abyss:4  | HP: 1/13 [smoke demon/divine providence (11)]
    83 | Abyss:5  | Entered Level 5 of the Abyss
    94 | D:1      | You pass through the gate.
    94 | D:1      | Escaped the Abyss
   544 | D:1      | Reached skill level 1 in Armour
   631 | D:1      | Reached XP level 2. HP: 13/18 MP: 5/5
   731 | D:1      | Reached skill level 2 in Long Blades
   922 | D:1      | Found a faded altar of an unknown god.
  1082 | D:2      | HP: 4/18 [adder (1)]
  1083 | D:2      | Slain by an adder

Vanquished Creatures
  2 dart slugs (D:1)
  4 ball pythons (D:1)
  A bat (D:1)
  A goblin (D:1)
  2 hobgoblins (D:1)
  A frilled lizard (D:1)
  2 rats (D:1)
13 creatures vanquished.

Table legend:
 A = Non-vault XP
 B = Vault XP
 C = Vault XP percentage of total XP
 D = Non-vault monster count
 E = Vault monster count
 F = Vault count percentage of total count
                 A         B        C        D         E       F
            +---------+---------+-------+---------+---------+-------
      Total |      20 |       6 |  23.1 |      11 |       2 |  15.4
            +---------+---------+-------+---------+---------+-------
        D:1 |      20 |       6 |  23.1 |      11 |       2 |  15.4
            +---------+---------+-------+---------+---------+-------

Illustrated notes

Table legend:
 A = Kills in this place as a percentage of kills in entire the game.
 B = Kills by you in this place as a percentage of kills by you in the entire game.
 C = Kills by friends in this place as a percentage of kills by friends in the entire game.
 D = Other kills in this place as a percentage of other kills in the entire game.
 E = Experience gained in this place as a percentage of experience gained in the entire game.
 F = Experience gained in this place divided by the number of levels of this place that you have seen.
                   A       B       C       D       E      F
               +-------+-------+-------+-------+-------+----------------------
         Total | 100.0 | 100.0 |   N/A |   N/A | 100.0 |   3.7
       Dungeon | 100.0 | 100.0 |   N/A |   N/A | 100.0 |  13.0
               +-------+-------+-------+-------+-------+----------------------

Table legend: (Time is in decaauts)
 A = Elapsed time spent in this place.
 B = Non-inter-level travel time spent in this place.
 C = Inter-level travel time spent in this place.
 D = Time resting spent in this place.
 E = Time spent auto-exploring this place.
 F = Levels seen in this place.
 G = Mean time per level.
                   A        B        C        D        E       F      G
               +--------+--------+--------+--------+--------+-----+--------+
         Total |   1091 |   1060 |     31 |    281 |    612 |   7 |  155.9 |
       Dungeon |    997 |    966 |     31 |    281 |    572 |   2 |  498.5 |
         Abyss |     94 |     94 |      0 |      0 |     40 |   5 |   18.8 |
               +--------+--------+--------+--------+--------+-----+--------+

Top non-repeatable levels by time:
     D:1: 986 daAuts
 Abyss:1: 47 daAuts
 Abyss:3: 12 daAuts
 Abyss:2: 12 daAuts
 Abyss:4: 11 daAuts
 Abyss:5: 10 daAuts
     D:2: 10 daAuts
